 Dungeon Crawl Stone Soup version 0.28.0 (webtiles) character file.

Game seed: 2352043749205164091

3998 wakim the Martial Artist (level 10, 0/68 HPs)
             Began as an Octopode Transmuter on Feb 10, 2022.
             Was an Initiate of Gozag.
             Slain by a centaur warrior (13 damage)
             ... on level 9 of the Dungeon.
             The game lasted 00:37:04 (12322 turns).

wakim the Martial Artist (Octopode Transmuter)     Turns: 12322, Time: 00:37:05

Health: 0/68       AC:  2    Str: 10    XL:     10   Next: 23%
Magic:  0/16       EV: 21    Int: 20    God:    Gozag
Gold:   327        SH:  0    Dex: 17    Spells: 7/17 levels left

rFire   + . .      SeeInvis +     - Unarmed
rCold   . . .      Faith    .   (shield currently unavailable)
rNeg    + . .      Spirit   +   (helmet currently unavailable)
rPois   x          Reflect  .   L - amulet of guardian spirit
rElec   .          Harm     .   X - ring of protection from fire
rCorr   .          Rampage  .   Z - ring of positive energy
Will    .....                   Y - ring of see invisible
Stlth   +++.......              (no ring)
HPRegen 0.21/turn               (no ring)
MPRegen 0.15/turn               (no ring)
                                (no ring)
                                (no ring)

@: spider-form, studying Spellcasting
A: venomous fangs, almost no armour, (amphibious), 8 rings, tiny, (camouflage
1), (gelatinous body 1), (nimble swimmer 1), (tentacles)
a: End Transformation, Renounce Religion, Potion Petition, Call Merchant, Bribe
Branch


You were on level 9 of the Dungeon.
You worshipped Gozag.
Gozag was aware of your devotion.
You were a venomous arachnid creature.
You visited 2 branches of the dungeon, and saw 10 of its levels.

You collected 489 gold pieces.
You paid 162 gold pieces to Gozag.

Inventory:

Hand Weapons
 b - a +1 hunting sling
Missiles
 c - 60 sling bullets
 s - 287 stones (quivered)
 v - 21 poisoned darts
 y - 5 atropa-tipped darts
 U - 2 javelins
Armour
 P - a +0 kite shield
Jewellery
 L - an amulet of guardian spirit (around neck)
 W - a ring of ice
 X - a ring of protection from fire (left front leg)
 Y - a ring of see invisible (on tentacle)
 Z - a ring of positive energy (right front leg)
Wands
 t - a wand of digging (6)
 w - a wand of acid (3)
 z - a wand of polymorph (8)
Scrolls
 M - 2 scrolls of enchant armour
 T - 3 scrolls of teleportation
Potions
 B - 2 potions of attraction {!q}
 H - a potion of haste
 I - a potion of lignification {unknown}
 J - 3 potions of heal wounds
 Q - a potion of flight {unknown}
 S - 5 potions of mutation {unknown}
 V - 3 potions of curing {unknown}


   Skills:
 + Level 6.2 Fighting
 + Level 3.6 Dodging
 - Level 5.0 Stealth
 + Level 8.4 Unarmed Combat
 - Level 4.0 Spellcasting
 - Level 8.0 Transmutations
 - Level 4.0 Ice Magic
 - Level 1.0 Poison Magic


You had 7 spell levels left.
You knew the following spells:

 Your Spells              Type           Power      Damage    Failure   Level
a - Beastly Appendage     Tmut           72%        N/A       3%          1
c - Ice Form              Ice/Tmut       28%        N/A       26%         4
q - Passwall              Tmut/Erth      16%        N/A       12%         2
x - Spider Form           Tmut/Pois      22%        N/A       17%         3

Your spell library contained the following spells:

 Spells                   Type           Power      Damage    Failure   Level
 Wereblood                Tmut           36%        N/A       4%          2
 Sandblast                Erth           8%         2d5       30%         1
 Blade Hands              Tmut           18%        N/A       30%         5
 Dazzling Flash           Conj/Hex       8%         N/A       58%         3
 Stone Arrow              Conj/Erth      8%         3d7       58%         3
 Hailstorm                Conj/Ice       12%        3d5       71%         4
 Airstrike                Air            2%         N/A       90%         4
 Iskenderun's Mystic Bla  Conj/Tloc      4%         2d3       90%         4
 Summon Lightning Spire   Summ/Air       4%         N/A       90%         4
 Lightning Bolt           Conj/Air       2%         1d13      99%         5
 Iron Shot                Conj/Erth      2%         9d2       100%        6
 Simulacrum               Ice/Necr       6%         N/A       100%        6
 Starburst                Conj/Fire      2%         6d3       100%        6
 Animate Armour           Summ/Erth      Unusable   N/A       N/A         4

Dungeon Overview and Level Annotations

Branches:
Dungeon (9/15)             Temple (1/1) D:7
   Lair: D:8-11         Orc: D:9-12

Altars:
Ashenzari
Cheibriados
Dithmenos
Elyvilon
Fedhas
Gozag
Hepliaklqana
Kikubaaqudgha
Makhleb
Okawaru
Qazlal
Ru
Sif Muna
Trog
Uskayaw
Vehumet
Wu Jian
Xom
Yredelemnul
Zin
The Shining One

Shops:
D:5 [

Annotations:
D:8 exclusion: hornet
D:9 exclusions: centaur and 2 more exclusions, Pikel


Innate Abilities, Weirdness & Mutations

You are a venomous arachnid creature.
You have poisonous fangs.
You are tiny and dextrous.
Your spellcasting is less reliable in this form.
Your armour is entirely melded.
You are incapable of wielding weapons or throwing items.
You cannot wear most types of armour.
((You are amphibious.))
You can wear up to eight rings at the same time.
((Your skin changes colour to match your surroundings (Stealth+).))
((Your rubbery body absorbs attacks. (AC +1, EV +1)))
((You are camouflaged when in or above water. (Stealth+)))
((You have tentacles for arms and can constrict up to eight enemies at once.))


Message History

The centaur warrior hits you!
* * * LOW HITPOINT WARNING * * *
The centaur warrior barely misses you.
You hit the centaur warrior.
The centaur warrior is moderately wounded.
The centaur warrior hits you!
* * * LOW HITPOINT WARNING * * *
The centaur warrior closely misses you.
You feel much better. The centaur warrior hits you!
The centaur warrior kicks you.
Aiming: Corrosive Bolt
Press: ? - help, Shift-Dir - straight line, f - centaur warrior
Aim: a centaur warrior, quivering arrows (moderately wounded, extremely poisoned, 79% to hit)
The bolt of acid hits the centaur warrior!
The acid corrodes the centaur warrior!
The centaur warrior is severely wounded.
The centaur warrior hits you.
* * * LOW HITPOINT WARNING * * *
The centaur warrior kicks you but does no damage.
The centaur warrior hits you!
* * * LOW HITPOINT WARNING * * *
The centaur warrior kicks you.
* * * LOW HITPOINT WARNING * * *
You bite the centaur warrior!
The centaur warrior looks as sick as possible!
The centaur warrior is almost dead.
The centaur warrior hits you.
* * * LOW HITPOINT WARNING * * *
The centaur warrior barely misses you.
You hit the centaur warrior.
The centaur warrior looks as sick as possible!
The centaur warrior is almost dead.
The centaur warrior misses you. The centaur warrior closely misses you.
You hit the centaur warrior.
The centaur warrior is almost dead.
The centaur warrior hits you.
* * * LOW HITPOINT WARNING * * *
The centaur warrior barely misses you. The centaur warrior hits you!
You die...
Your body crumbles into a pile of gold.

#..# #......
#..##### #......
#..#...###......
#..#._..##......
#...............
#...............
##.##.#####......
###8.8#.# #......
#.sc..[.# #......
#.#8.8### #..####
#.##.## #..# #
#.##..#######..####
#..................
####.......c.......
################


You could see a centaur warrior (extremely poisoned, corroded).

Vanquished Creatures
  A troll (D:5)
  A wyvern (D:9)
  A shadow (D:9)
  A basilisk (D:9)
  Menkaure (D:5)
  A water moccasin (D:6)
  A sky beast (D:7)
  A black bear (D:5)
  3 orc warriors
  A hornet zombie (D:6)
  3 ogres
  2 necrophages (D:6)
  4 centaurs
  3 lemures (D:9)
  3 kobold brigands
  A phantom (D:5)
  3 bullfrogs
  A wyvern zombie (D:7)
  2 scorpions
  2 water moccasin skeletons
  3 killer bees (D:7)
  A bullfrog zombie (D:7)
  A centaur zombie (D:7)
  2 hounds
  3 orc priests
  A jelly (D:7)
  A bullfrog skeleton (D:6)
  3 centaur skeletons
  An iguana (D:4)
  12 orc wizards
  2 hound skeletons
  A howler monkey zombie (D:6)
  6 adders
  An ufetubus (D:4)
  2 dart slugs (D:1)
  29 orcs
  7 endoplasms
  4 giant cockroaches
  4 goblins
  10 hobgoblins
  6 jackals
  5 quokkas
  8 ball pythons
  6 bats
  4 frilled lizards
  21 kobolds
  6 rats
186 creatures vanquished.

Vanquished Creatures (others)
  An orc wizard (D:9)
  21 fungi (D:5)
22 creatures vanquished.

Grand Total: 208 creatures vanquished

Notes
Turn   | Place    | Note
-------+----------+-------------------------------------------
     0 | D:1      | wakim the Octopode Transmuter began the quest for the Orb.
     0 | D:1      | Reached XP level 1. HP: 13/13 MP: 3/3
   355 | D:1      | Reached XP level 2. HP: 18/18 MP: 5/5
   443 | D:1      | Found a faded altar of an unknown god.
   816 | D:1      | Reached XP level 3. HP: 12/23 MP: 6/6
   818 | D:1      | Reached skill level 1 in Stealth
  1238 | D:2      | Learned a level 3 spell: Spider Form
  1545 | D:2      | Found a blossoming altar of Fedhas.
  2159 | D:3      | Found a hazy altar of Hepliaklqana.
  2181 | D:3      | Reached XP level 4. HP: 29/29 MP: 5/7
  2940 | D:3      | Reached skill level 1 in Poison Magic
  3411 | D:4      | Reached XP level 5. HP: 33/34 MP: 6/8
  3436 | D:4      | Learned a level 4 spell: Ice Form
  3647 | D:4      | Reached skill level 1 in Ice Magic
  4146 | D:5      | Entered Level 5 of the Dungeon
  4154 | D:4      | Reached XP level 6. HP: 29/39 MP: 5/10
  4308 | D:5      | Noticed a black bear
  4341 | D:5      | Noticed a troll
  4736 | D:5      | Killed a troll
  4737 | D:5      | Reached XP level 7. HP: 16/44 MP: 1/11
  5026 | D:5      | Found a hide-covered altar of Uskayaw.
  5180 | D:5      | Noticed Menkaure
  5416 | D:5      | Reached skill level 5 in Unarmed Combat
  5535 | D:5      | Found Koreil's Antique Armour Emporium.
  5619 | D:5      | Reached skill level 5 in Transmutations
  5629 | D:5      | Found a basalt altar of Yredelemnul.
  5633 | D:5      | Found a sacrificial altar of Ru.
  5976 | D:5      | Reached XP level 8. HP: 17/49 MP: 3/12
  6687 | D:6      | Found a shimmering blue altar of Sif Muna.
  6987 | D:6      | Reached skill level 5 in Stealth
  7092 | D:6      | Reached XP level 9. HP: 57/57 MP: 12/15
  7184 | D:6      | Learned a level 2 spell: Passwall
  7943 | D:5      | Killed Menkaure
  9346 | D:7      | Found a staircase to the Ecumenical Temple.
  9351 | Temple   | Entered the Ecumenical Temple
  9690 | D:7      | Found a burning altar of Makhleb.
  9694 | D:7      | Found a glowing silver altar of Zin.
  9695 | D:7      | Noticed a green death
  9695 | D:7      | Noticed an angel
  9784 | D:7      | Found an ornate altar of the Wu Jian Council.
  9792 | D:7      | Reached skill level 5 in Fighting
 10138 | D:8      | Noticed a hornet
 11293 | D:9      | Reached XP level 10. HP: 61/68 MP: 11/16
 11402 | D:9      | Found an iron altar of Okawaru.
 11510 | D:9      | Noticed Pikel
 11909 | D:9      | Found an opulent altar of Gozag.
 11917 | D:9      | Became a worshipper of Gozag Ym Sagoz the Greedy
 12009 | D:9      | Found a blossoming altar of Fedhas.
 12262 | D:9      | Noticed a centaur warrior
 12268 | D:9      | Noticed a two-headed ogre
 12322 | D:9      | Slain by a centaur warrior

Illustrated notes

Levels and vault maps discovered:
D:1:      erik_arrival_triangle_medium, layout_loops_cross,
          shapermc_ecumenical_altar_starsandcircs
D:2:      layout_loops_ring, basic_altar
D:3:      minmay_chambers_of_twos, layout_basic,
          worldfamousw_hep_ancestral_shrine
D:4:      layout_basic
D:5:      layout_loops_corners, mainiacjoe_overflow_chevrons, minitemple,
          serial_shops, nicolae_take_the_stairs, uniq_menkaure
D:6:      layout_rooms, mainiacjoe_overflow_tiny_flanked, sigmund_army
D:7:      minmay_spotlight, layout_basic,
          grunt_temple_overflow_order_and_chaos_2, marbit_many_paths,
          minmay_temple_entry_nine_rooms
D:8:      layout_gridville
D:9:      minmay_the_grid_triangle_9x9_recursive_2
          [minmay_the_grid_triangle_9x9_prize_top_heavy,
          minmay_the_grid_triangle_9x9_thin_v,
          minmay_the_grid_triangle_9x9_sprig,
          minmay_the_grid_triangle_9x9_longest], layout_small_grid,
          fedhas_altar_1, okawaru_gym_becter, nicolae_gozag_seed_capital,
          nicolae_water_bricks, small_statue_intersection, uniq_pikel
Temple:   jpeg_temple_alley_garden

Skill      XL: |  1  2  3  4  5  6  7  8  9 10 |
---------------+-------------------------------+-----
Stealth        | 1 2 3 5 |  5.0
Poison Magic   | 1 |  1.0
Unarmed Combat | 4 5 6 8 |  8.4
Spellcasting   | 3 4 |  4.0
Ice Magic      | 1 3 4 |  4.0
Transmutations | 3 4 5 6 8 |  8.0
Fighting       | 3 5 6 |  6.2
Dodging        | 3 |  3.6

Action                   |  1- 3 |  4- 6 |  7- 9 | 10-12 || total
-------------------------+-------+-------+-------+-------++-------
Melee: Unarmed           |    85 |   100 |   280 |    61 ||   526
       Constrict         |    21 |    16 |     1 |       ||    38
       Tentacles         |    15 |    10 |     3 |       ||    28
       Kick              |    10 |    13 |       |       ||    23
       Punch             |     2 |     4 |       |     1 ||     7
 Fire: Hunting sling     |       |     2 |       |       ||     2
Throw: Stone             |    39 |     4 |     2 |       ||    45
 Cast: Beastly Appendage |    10 |    14 |     1 |       ||    25
       Spider Form       |       |    10 |    22 |     5 ||    37
       Ice Form          |       |       |    17 |     2 ||    19
 Abil: End Transformatio |       |       |     3 |       ||     3
Evoke: Wand              |       |       |     1 |     1 ||     2
  Use: Scroll            |     5 |     5 |     3 |     1 ||    14
       Potion            |       |     1 |       |     2 ||     3
 Stab: Sleeping          |    12 |     5 |     7 |       ||    24
Armor: Skin              |     9 |     5 |    63 |    10 ||    87
Dodge: Dodged            |    39 |    68 |   200 |    54 ||   361
